[Event "Romanian-ch Women 2022"]
[Site "Eforie Nord"]
[Date "2022.02.24"]
[Round "6.7"]
[White "Matasaru, Stephanie"]
[Black "Ionescu, Irina"]
[Result "0-1"]
[ECO "B01"]
[WhiteElo "1861"]
[BlackElo "2131"]
[Annotator "RC"]
[PlyCount "46"]
[EventDate "2022.02.20"]
[EventType "swiss"]
[EventCountry "ROU"]
[SourceTitle "playchess.com"]
[Source "ChessBase"]
[SourceQuality "1"]
[TimeControl "40/5400+30:900+30"]

1. e4 d5 2. exd5 Qxd5 3. Nf3 Bg4 4. Be2 Nc6 5. h3 Bh5 6. d4 O-O-O 7. c4 Qd7 8. d5 Bxf3 9. Bxf3 Ne5 10. Be2 e6 11. Nc3 Nf6 12. Bf4 Ng6 13. Bg5 Be7 14. Nb5 a6 15. Na7+ Kb8 16. Nc6+ bxc6 17. Qb3+ Ka8 18. Qa4 cxd5 19. Qxa6+ Kb8 20. Rd1 Qd6 21. Qxd6 Bxd6 22. cxd5 Bb4+ 23. Kf1 Rxd5 0-1

[Event "Romanian-ch Women 2022"]
[Site "Eforie Nord"]
[Date "2022.02.24"]
[Round "6.8"]
[White "Trifoi, Mihaela-Ioana"]
[Black "Panainte, Andreea-Bianca"]
[Result "1/2-1/2"]
[ECO "C02"]
[WhiteElo "1893"]
[BlackElo "1865"]
[Annotator "NA RC"]
[PlyCount "70"]
[EventDate "2022.02.20"]
[EventType "swiss"]
[EventCountry "ROU"]
[SourceTitle "playchess.com"]
[Source "ChessBase"]
[SourceQuality "1"]
[TimeControl "40/5400+30:900+30"]

1. e4 e6 2. d4 d5 3. e5 c5 4. c3 Nc6 5. Nf3 Bd7 6. a3 Nge7 7. Be3 Nf5 8. Bd3 cxd4 9. cxd4 Nxe3 10. fxe3 Be7 11. O-O O-O 12. Nc3 Rc8 13. Rc1 f6 14. exf6 Bxf6 15. b4 a6 16. Na4 {[%emt 0:00:30] [#]} Be8 ({Black should try} 16... Nxd4 $1 $15 17. Nxd4 Bxd4 18. Rxf8+ Qxf8 19. exd4 Rxc1 20. Qxc1 Bxa4) 17. Nc5 Qe7 18. Qb3 $11 Bf7 19. Qb1 g6 20. b5 axb5 21. Qxb5 e5 22. dxe5 Nxe5 23. Nxe5 Qxe5 24. Rce1 Be8 25. Nd7 Bxd7 26. Qxd7 Bg5 27. Qxb7 Bxe3+ 28. Kh1 Qd4 29. Bb5 Qc5 30. a4 Rc7 31. Qa6 Rcf7 32. Rxf7 Kxf7 33. Qc6 Qxc6 34. Bxc6 d4 35. Rf1+ Ke7 1/2-1/2

[Event "Romanian-ch Women 2022"]
[Site "Eforie Nord"]
[Date "2022.02.24"]
[Round "6.9"]
[White "Maria, Lia-Alexandra"]
[Black "Didiliuc, Dariana-Gabriela"]
[Result "0-1"]
[ECO "C16"]
[WhiteElo "1832"]
[BlackElo "1841"]
[Annotator "NA RC"]
[PlyCount "82"]
[EventDate "2022.02.20"]
[EventType "swiss"]
[EventCountry "ROU"]
[SourceTitle "playchess.com"]
[Source "ChessBase"]
[SourceQuality "1"]
[TimeControl "40/5400+30:900+30"]

1. e4 e6 2. d4 d5 3. Nc3 Bb4 4. e5 b6 5. Qg4 g6 6. a3 Bf8 (6... Bxc3+ $14 {was preferrable.} 7. bxc3 h6) 7. f4 (7. Bg5 $16 Be7 8. h4) 7... Ba6 (7... h5 $11 8. Qd1 Nh6) 8. Bxa6 Nxa6 9. Qe2 Nb8 10. Nf3 Ne7 11. Be3 Nd7 12. O-O-O c5 (12... h5 $14) 13. g4 a6 $16 14. h4 h5 15. Rdg1 hxg4 16. Rxg4 Nf5 17. Bf2 Be7 18. dxc5 Nxc5 19. Ng5 Qc7 20. Rgg1 Rh5 21. Qd1 Rd8 22. Qg4 Bxg5 23. hxg5 Ng7 24. Bd4 Ke7 25. Qe2 Rdh8 26. Rxh5 Rxh5 27. b4 Nf5 28. Bxc5+ bxc5 29. Qxa6 cxb4 30. Nb5 Qc5 31. Qa7+ Qxa7 32. Nxa7 bxa3 33. Nb5 Rh3 34. Rf1 Ne3 35. Re1 Nc4 36. Kb1 Rf3 37. Ka2 Rxf4 38. Nxa3 Nxa3 39. Kxa3 Rf5 40. Kb4 Rxg5 41. Kc5 Rg4 0-1

[Event "Romanian-ch Women 2022"]
[Site "Eforie Nord"]
[Date "2022.02.24"]
[Round "6.10"]
[White "Marin, Irina-Luiza"]
[Black "Bucur, Denisa-Andreea"]
[Result "1/2-1/2"]
[ECO "A20"]
[WhiteElo "2058"]
[BlackElo "2023"]
[Annotator "NA RC"]
[PlyCount "103"]
[EventDate "2022.02.20"]
[EventType "swiss"]
[EventCountry "ROU"]
[SourceTitle "playchess.com"]
[Source "ChessBase"]
[SourceQuality "1"]
[TimeControl "40/5400+30:900+30"]

1. c4 e5 2. g3 c6 3. d4 exd4 4. Qxd4 d5 5. Nf3 Nf6 6. Bg2 Be7 7. cxd5 cxd5 8. O-O Nc6 9. Qa4 O-O 10. Rd1 Qb6 11. Nc3 Be6 12. Qb5 Qxb5 13. Nxb5 h6 14. Nc7 Rac8 15. Nxe6 fxe6 16. Bh3 Kf7 17. Be3 Ne4 18. Rac1 Bf6 19. Rc2 $11 Nd6 20. Bc5 Rfd8 21. Bxd6 Rxd6 22. e4 Rcd8 23. Re1 dxe4 24. Rxe4 g5 25. Bg4 Nd4 26. Nxd4 Bxd4 27. Rc7+ Kf6 28. Rxb7 Rc8 29. Re2 Rc1+ 30. Kg2 e5 31. Bf3 Rb6 32. Rxb6+ axb6 33. Be4 Ra1 34. b3 Rc1 35. Kf3 h5 36. h3 Rc3+ 37. Kg2 h4 38. gxh4 gxh4 39. Bd5 Kg5 40. a4 Rc5 41. Be4 Rc3 42. Bd5 Rc5 43. Bc4 Kf4 44. f3 Be3 45. Bd3 Rc1 46. Be4 Rg1+ 47. Kh2 Rd1 48. b4 Rd2 49. Rxd2 Bxd2 50. b5 Ke3 51. Kg2 Ke2 52. Bd5 1/2-1/2

[Event "Romanian-ch Women 2022"]
[Site "Eforie Nord"]
[Date "2022.02.24"]
[Round "6.11"]
[White "Hoanca, Alexia-Ioana"]
[Black "Lolici, Iselin-Amanda"]
[Result "1-0"]
[ECO "B70"]
[WhiteElo "1710"]
[BlackElo "1907"]
[Annotator "RC"]
[PlyCount "73"]
[EventDate "2022.02.20"]
[EventType "swiss"]
[EventCountry "ROU"]
[SourceTitle "playchess.com"]
[Source "ChessBase"]
[SourceQuality "1"]
[TimeControl "40/5400+30:900+30"]

1. e4 c5 2. Nf3 d6 3. d4 cxd4 4. Nxd4 Nf6 5. Nc3 g6 6. Be2 Bg7 7. Bg5 a6 8. a4 Nc6 9. Nb3 Be6 10. O-O O-O 11. Kh1 Na5 12. Nd4 Bc4 13. f4 e5 14. Nb3 Bxe2 15. Qxe2 Nxb3 16. cxb3 h6 17. Bxf6 Bxf6 18. f5 Kg7 19. Nd5 g5 20. Rad1 Rc8 21. b4 h5 22. b5 a5 23. Rd3 Rh8 24. Qd2 Rh6 25. Rc3 Rc5 26. Rxc5 dxc5 27. b6 Qd6 28. Qxa5 Bd8 29. Qa7 Bxb6 30. Qxb7 Bd8 31. Qb5 g4 32. f6+ Bxf6 33. Ne3 Qd2 34. Nf5+ Kg6 35. Nxh6 Qxh6 36. Qc6 Kg7 37. Qxf6+ 1-0

[Event "Romanian-ch Women 2022"]
[Site "Eforie Nord"]
[Date "2022.02.24"]
[Round "6.12"]
[White "Anghel, Maria"]
[Black "Petculescu, Diana-Silvana"]
[Result "1-0"]
[ECO "A18"]
[WhiteElo "1834"]
[BlackElo "1402"]
[Annotator "NA RC"]
[PlyCount "67"]
[EventDate "2022.02.20"]
[EventType "swiss"]
[EventCountry "ROU"]
[SourceTitle "playchess.com"]
[Source "ChessBase"]
[SourceQuality "1"]
[TimeControl "40/5400+30:900+30"]

1. c4 Nf6 2. Nc3 e6 3. e4 d6 4. d4 Be7 5. Nf3 Nbd7 6. Bd3 O-O 7. O-O a5 8. e5 dxe5 9. dxe5 Ne8 10. Qe2 Nc5 11. Rd1 Bd7 12. Be3 Nxd3 13. Qxd3 Bc6 14. Qxd8 Rxd8 15. Rxd8 Bxd8 16. Bc5 Bxf3 17. gxf3 Bg5 18. Bxf8 Kxf8 19. Ne2 Ke7 20. Rd1 g6 21. f4 Bh6 22. Kg2 Ng7 23. Kf3 Nf5 24. Nd4 Ng7 25. b3 Nh5 26. Ne2 Bf8 27. Ng3 Ng7 28. Ne4 Nh5 29. h4 h6 30. Nc5 b6 31. Nd7 Bg7 32. Nb8 g5 33. Nc6+ Ke8 34. Rd8# 1-0

[Event "Romanian-ch Women 2022"]
[Site "Eforie Nord"]
[Date "2022.02.25"]
[Round "7.1"]
[White "Ciolacu, Alessia-Mihaela"]
[Black "Bulmaga, Irina"]
[Result "1/2-1/2"]
[ECO "A41"]
[WhiteElo "2239"]
[BlackElo "2390"]
[Annotator "ChessBase"]
[PlyCount "46"]
[EventDate "2022.02.20"]
[EventType "swiss"]
[EventCountry "ROU"]
[SourceTitle "playchess.com"]
[Source "ChessBase"]
[SourceQuality "1"]
[TimeControl "40/5400+30:900+30"]

1. d4 g6 2. c4 Bg7 3. Nc3 d6 4. Nf3 e5 5. g3 Nc6 6. dxe5 Nxe5 7. Nxe5 Bxe5 8. Bg2 Ne7 9. O-O O-O 10. Bg5 Be6 11. c5 f6 12. Bh6 Rf7 13. cxd6 cxd6 14. Nd5 Nxd5 15. Bxd5 Qe8 16. e4 Bxd5 17. Qxd5 Bxb2 18. Rab1 Qe5 19. Qc4 Qc3 20. Qe6 Qe5 21. Qc4 Qc3 22. Qe6 Qe5 23. Qc4 Qc3 1/2-1/2

[Event "Romanian-ch Women 2022"]
[Site "Eforie Nord"]
[Date "2022.02.25"]
[Round "7.2"]
[White "Lehaci, Miruna-Daria"]
[Black "Sandu, Mihaela"]
[Result "1/2-1/2"]
[ECO "B81"]
[WhiteElo "2125"]
[BlackElo "2269"]
[Annotator "NA"]
[PlyCount "129"]
[EventDate "2022.02.20"]
[EventType "swiss"]
[EventCountry "ROU"]
[SourceTitle "playchess.com"]
[Source "ChessBase"]
[SourceQuality "1"]
[TimeControl "40/5400+30:900+30"]

1. e4 c5 2. Nf3 d6 3. d4 cxd4 4. Nxd4 Nf6 5. Nc3 a6 6. Be3 e6 7. g4 h6 8. Rg1 Nc6 9. Qe2 Nxd4 10. Bxd4 e5 11. Be3 b5 12. O-O-O Be6 13. Nd5 Bxd5 14. exd5 Be7 15. Kb1 Nd7 16. f3 O-O 17. g5 Bxg5 18. Bxg5 hxg5 19. Qd2 Qf6 20. Rxg5 e4 21. fxe4 Ne5 22. Be2 g6 23. Rf1 Qe7 24. h4 Kg7 25. Rfg1 Rh8 26. Qf4 Rh6 27. h5 Rah8 28. R5g3 Qf6 29. Qe3 Qe7 30. Qd4 Rf8 31. Rc3 Kh7 32. hxg6+ fxg6 33. Qb6 Rf7 34. Qxa6 Qg5 35. Qb6 Qh4 36. Qxd6 Qxe4 37. Bd1 Qd4 38. Qc5 Rh4 39. Qxd4 Rxd4 40. Rc5 b4 41. Be2 Rf2 42. Ba6 Rfd2 43. b3 Rh2 44. Bb5 Nf3 45. Rc1 g5 46. Rc7+ Kh8 47. Bc4 g4 48. Rf7 Ng5 49. Rf5 Ne4 50. Kb2 g3 51. Rf4 Rf2 52. Rh1+ Kg7 53. Rg4+ Kf6 54. Rg1 Ke5 55. Re1 g2 56. d6 Kxd6 57. Rg1 Rdd2 58. Rxe4 Rxc2+ 59. Kb1 Rb2+ 60. Ka1 Rxa2+ 61. Kb1 Rfb2+ 62. Kc1 Rc2+ 63. Kb1 Rcb2+ 64. Kc1 Rc2+ 65. Kb1 1/2-1/2

[Event "Romanian-ch Women 2022"]
[Site "Eforie Nord"]
[Date "2022.02.25"]
[Round "7.3"]
[White "Obada, Ema"]
[Black "Peptan, Corina-Isabela"]
[Result "0-1"]
[ECO "B40"]
[WhiteElo "2010"]
[BlackElo "2384"]
[Annotator "ChessBase"]
[PlyCount "94"]
[EventDate "2022.02.20"]
[EventType "swiss"]
[EventCountry "ROU"]
[SourceTitle "playchess.com"]
[Source "ChessBase"]
[SourceQuality "1"]
[TimeControl "40/5400+30:900+30"]

1. e4 c5 2. Nf3 e6 3. g3 Nc6 4. Bg2 Nf6 5. Qe2 d5 6. exd5 Nxd5 7. O-O Be7 8. c3 O-O 9. Rd1 Bf6 10. Na3 Re8 11. Nc2 e5 12. d3 Bg4 13. h3 Bh5 14. Ne3 Nf4 15. gxf4 exf4 16. Qf1 fxe3 17. fxe3 Qd6 18. d4 Rad8 19. Bd2 Ne7 20. b4 cxb4 21. cxb4 Nf5 22. Qf2 Ng3 23. Be1 Ne4 24. Qf1 Ng5 25. Nxg5 Bxg5 26. e4 Bxd1 27. Rxd1 Be3+ 28. Bf2 Bxf2+ 29. Qxf2 Qxb4 30. d5 b6 31. Qf3 h6 32. Rf1 Qc5+ 33. Kh1 Qc7 34. Qh5 Re5 35. Qf3 Rg5 36. h4 Re5 37. Qg3 Qe7 38. Rf4 Rd6 39. Rg4 g6 40. Qf4 Kg7 41. Bf3 Rf6 42. Qg3 Qc7 43. Bg2 b5 44. Qd3 b4 45. Rg3 Qb6 46. Qb3 Rf4 47. Rh3 Rexe4 0-1

[Event "Romanian-ch Women 2022"]
[Site "Eforie Nord"]
[Date "2022.02.25"]
[Round "7.4"]
[White "Ionescu, Irina"]
[Black "Cosma, Elena-Luminita"]
[Result "1/2-1/2"]
[ECO "C01"]
[WhiteElo "2131"]
[BlackElo "2281"]
[Annotator "NA"]
[PlyCount "137"]
[EventDate "2022.02.20"]
[EventType "swiss"]
[EventCountry "ROU"]
[SourceTitle "playchess.com"]
[Source "ChessBase"]
[SourceQuality "1"]
[TimeControl "40/5400+30:900+30"]

1. e4 e6 2. d4 d5 3. exd5 exd5 4. Nf3 Nf6 5. Bd3 c5 6. Qe2+ Be7 7. dxc5 O-O 8. O-O Nc6 9. h3 Re8 10. Bg5 h6 11. Bh4 g5 12. Bg3 Bxc5 13. Qd1 Ne4 14. Bxe4 dxe4 15. Nfd2 Bf5 16. Nb3 Qxd1 17. Rxd1 Bb6 18. Na3 Be6 19. Nb5 Rad8 20. Bc7 Rxd1+ 21. Rxd1 Bxb3 22. axb3 Bc5 23. Bd6 Rd8 24. Rd5 e3 25. Kf1 Bb6 26. fxe3 Ne7 27. Rd3 Nf5 28. e4 Ne3+ 29. Ke2 Nxg2 30. Bg3 Re8 31. Kf3 Nh4+ 32. Bxh4 gxh4 33. Nd6 Re6 34. Nf5 a5 35. Rd6 Bc7 36. Nxh6+ Kf8 37. Rxe6 fxe6 38. Ng4 Bg3 39. Ne3 b5 40. Ke2 Ke7 41. Kd3 Kd6 42. Ng4 Kc5 43. Nf6 Kd6 44. Ng4 Kc5 45. Ne3 Bf4 46. Nd1 Bc1 47. c3 Bg5 48. Nf2 Kd6 49. c4 Kc5 50. cxb5 Bf6 51. b6 Kxb6 52. Kc4 Bxb2 53. Nd3 Ba1 54. Nf4 Kc6 55. Nxe6 Kd6 56. Ng5 Ke5 57. Nf3+ Kxe4 58. Nxh4 Kf4 59. Ng6+ Kg5 60. Ne7 Be5 61. Kb5 Bc3 62. Nc6 Kh4 63. Nxa5 Kxh3 64. Nc6 Kg4 65. Kc4 Be1 66. Ne5+ Kf5 67. Nf3 Ba5 68. Kd5 Kf6 69. Nd4 1/2-1/2

[Event "Romanian-ch Women 2022"]
[Site "Eforie Nord"]
[Date "2022.02.25"]
[Round "7.5"]
[White "Dragomirescu, Angela"]
[Black "Cosman, Andreea-Marioara"]
[Result "1/2-1/2"]
[ECO "A46"]
[WhiteElo "2167"]
[BlackElo "2127"]
[Annotator "ChessBase"]
[PlyCount "48"]
[EventDate "2022.02.20"]
[EventType "swiss"]
[EventCountry "ROU"]
[SourceTitle "playchess.com"]
[Source "ChessBase"]
[SourceQuality "1"]
[TimeControl "40/5400+30:900+30"]

1. d4 Nf6 2. Nf3 e6 3. g3 b5 4. Bg2 Bb7 5. a4 b4 6. c4 bxc3 7. bxc3 d5 8. O-O Nbd7 9. Nbd2 Be7 10. c4 dxc4 11. Nxc4 O-O 12. Bd2 Bd5 13. Rc1 c5 14. Ba5 Qc8 15. Ne3 Bc6 16. Ne5 Bxg2 17. Kxg2 Qa6 18. Nxd7 Nxd7 19. Bc3 cxd4 20. Bxd4 Nb6 21. Qc2 Rfc8 22. Qa2 Rxc1 23. Rxc1 Nxa4 24. Kg1 Qb5 1/2-1/2

[Event "Romanian-ch Women 2022"]
[Site "Eforie Nord"]
[Date "2022.02.25"]
[Round "7.6"]
[White "Baciu, Anca-Otilia"]
[Black "Batagan, Ilinca-Petra"]
[Result "1-0"]
[ECO "B87"]
[WhiteElo "2014"]
[BlackElo "1881"]
[Annotator "NA"]
[PlyCount "97"]
[EventDate "2022.02.20"]
[EventType "swiss"]
[EventCountry "ROU"]
[SourceTitle "playchess.com"]
[Source "ChessBase"]
[SourceQuality "1"]
[TimeControl "40/5400+30:900+30"]

1. e4 c5 2. Nf3 d6 3. d4 cxd4 4. Nxd4 Nf6 5. Nc3 a6 6. Bc4 e6 7. O-O b5 8. Bb3 Be7 9. f4 Bb7 10. Be3 b4 11. Nd5 exd5 12. e5 dxe5 13. fxe5 O-O 14. exf6 Bxf6 15. Qg4 Nc6 16. Rad1 Nxd4 17. Bxd4 Bxd4+ 18. Qxd4 a5 19. Bxd5 Bxd5 20. Qxd5 Qxd5 21. Rxd5 Rfd8 22. Rfd1 Rxd5 23. Rxd5 Kf8 24. Rc5 Ke7 25. Kf2 Kd6 26. Rc4 Re8 27. c3 bxc3 28. Rxc3 Re7 29. Rc4 g6 30. g4 Re5 31. Kf3 f5 32. g5 Re7 33. Ra4 Re5 34. Rd4+ Rd5 35. Rh4 Rd2 36. Rxh7 Rxb2 37. Rh6 Rxa2 38. Rxg6+ Ke7 39. h4 Rh2 40. Kg3 Rh1 41. Rf6 Rf1 42. h5 Rg1+ 43. Kf4 Rf1+ 44. Ke5 a4 45. Ra6 Kf7 46. Ra7+ Kg8 47. Kf6 Rb1 48. Ra8+ Kh7 49. g6+ 1-0

[Event "Romanian-ch Women 2022"]
[Site "Eforie Nord"]
[Date "2022.02.25"]
[Round "7.7"]
[White "Didiliuc, Dariana-Gabriela"]
[Black "Trifoi, Mihaela-Ioana"]
[Result "1-0"]
[ECO "D35"]
[WhiteElo "1841"]
[BlackElo "1893"]
[Annotator "NA"]
[PlyCount "160"]
[EventDate "2022.02.20"]
[EventType "swiss"]
[EventCountry "ROU"]
[SourceTitle "playchess.com"]
[Source "ChessBase"]
[SourceQuality "1"]
[TimeControl "40/5400+30:900+30"]

1. d4 d5 2. c4 e6 3. Nc3 Nf6 4. cxd5 exd5 5. Bg5 Be7 6. e3 O-O 7. Bd3 h6 8. Bh4 b6 9. Qc2 Bb7 10. Nge2 Nbd7 11. O-O c5 12. Rad1 Ne4 13. Bxe7 Qxe7 14. Rfe1 Rac8 15. Nf4 Nxc3 16. Qxc3 Nf6 17. Bb1 Ne4 18. Qd3 Rfd8 19. Qa3 a6 20. Qb3 b5 21. dxc5 Nxc5 22. Qb4 Qg5 23. Nh3 Qf6 24. b3 Ne6 25. Qg4 d4 26. e4 Rc3 27. e5 Qe7 28. Nf4 Qg5 29. Qxg5 Nxg5 30. Ne2 Rc5 31. Rxd4 Re8 32. f4 Ne6 33. Rd7 Bc8 34. Rd6 a5 35. Red1 b4 36. R6d5 Ba6 37. Rxc5 Nxc5 38. Ng3 a4 39. bxa4 Nxa4 40. Rd4 Rb8 41. Bc2 Nc5 42. Nf5 Ne6 43. Re4 Kf8 44. Nd6 Nc5 45. Re1 Bd3 46. Rc1 b3 47. Bxb3 Nxb3 48. axb3 Rxb3 49. Rc8+ Ke7 50. Rc7+ Ke6 51. Rxf7 g6 52. Rf6+ Ke7 53. Nf7 Rb2 54. Nh8 g5 55. fxg5 hxg5 56. Ng6+ Ke8 57. g4 Rb1+ 58. Kg2 Rb2+ 59. Kg3 Rb1 60. h3 Rg1+ 61. Kh2 Re1 62. e6 Bxg6 63. Rxg6 Re5 64. h4 gxh4 65. Kh3 Ke7 66. Kxh4 Re1 67. Kg5 Re5+ 68. Kh6 Re1 69. g5 Rh1+ 70. Kg7 Rg1 71. Kg8 Rg2 72. Rg7+ Kxe6 73. Kh7 Kf5 74. Rf7+ Ke6 75. g6 Rg1 76. Rf2 Ke7 77. g7 Rh1+ 78. Kg8 Rg1 79. Re2+ Kd6 80. Re4 Kd5 1-0

[Event "Romanian-ch Women 2022"]
[Site "Eforie Nord"]
[Date "2022.02.25"]
[Round "7.8"]
[White "Panainte, Andreea-Bianca"]
[Black "Marin, Irina-Luiza"]
[Result "1-0"]
[ECO "B15"]
[WhiteElo "1865"]
[BlackElo "2058"]
[Annotator "ChessBase"]
[PlyCount "71"]
[EventDate "2022.02.20"]
[EventType "swiss"]
[EventCountry "ROU"]
[SourceTitle "playchess.com"]
[Source "ChessBase"]
[SourceQuality "1"]
[TimeControl "40/5400+30:900+30"]

1. e4 c6 2. d4 d5 3. Nc3 g6 4. Nf3 Bg7 5. Be3 Nh6 6. exd5 cxd5 7. Bb5+ Nc6 8. Ne5 Bd7 9. Nxd7 Qxd7 10. Qf3 Rd8 11. Bxh6 Bxh6 12. h4 O-O 13. Bxc6 bxc6 14. O-O Bg7 15. Ne2 c5 16. c3 cxd4 17. cxd4 h5 18. Rac1 Rc8 19. b3 Bh6 20. Nf4 e6 21. g3 Rc7 22. Rxc7 Qxc7 23. Re1 Qc2 24. a3 Qb2 25. Rd1 Qxa3 26. Kg2 Qb2 27. Rd3 Bg7 28. g4 hxg4 29. Qxg4 Bxd4 30. Rf3 Bg7 31. h5 gxh5 32. Nxh5 Kh7 33. Qh4 Bh6 34. Nf6+ Kg6 35. Rg3+ Kf5 36. Qxh6 1-0

[Event "Romanian-ch Women 2022"]
[Site "Eforie Nord"]
[Date "2022.02.25"]
[Round "7.9"]
[White "Nikanova, Ekaterina"]
[Black "Anghel, Maria"]
[Result "1-0"]
[ECO "B75"]
[WhiteElo "1935"]
[BlackElo "1834"]
[Annotator "NA"]
[PlyCount "69"]
[EventDate "2022.02.20"]
[EventType "swiss"]
[EventCountry "ROU"]
[SourceTitle "playchess.com"]
[Source "ChessBase"]
[SourceQuality "1"]
[TimeControl "40/5400+30:900+30"]

1. e4 c5 2. Nf3 d6 3. d4 cxd4 4. Nxd4 Nf6 5. Nc3 g6 6. Be3 Bg7 7. f3 a6 8. Qd2 h5 9. h4 b5 10. a3 Bb7 11. O-O-O Nbd7 12. Bd3 Rc8 13. Kb1 Ne5 14. f4 Neg4 15. Bg1 Rxc3 16. Qxc3 Nxe4 17. Qe1 Nc5 18. Qd2 O-O 19. f5 Ne5 20. Be3 Qd7 21. fxg6 fxg6 22. Rhf1 Rxf1 23. Rxf1 Ncxd3 24. cxd3 Ng4 25. Bg1 e5 26. Nf3 b4 27. axb4 Bd5 28. Qc2 Qb7 29. Ng5 Nf6 30. Rc1 Qxb4 31. Qc8+ Bf8 32. Ne6 Bxe6 33. Qxe6+ Kg7 34. Rc7+ Kh6 35. Be3+ 1-0

[Event "Romanian-ch Women 2022"]
[Site "Eforie Nord"]
[Date "2022.02.25"]
[Round "7.10"]
[White "Matasaru, Stephanie"]
[Black "Hoanca, Alexia-Ioana"]
[Result "0-1"]
[ECO "B12"]
[WhiteElo "1861"]
[BlackElo "1710"]
[Annotator "NA"]
[PlyCount "138"]
[EventDate "2022.02.20"]
[EventType "swiss"]
[EventCountry "ROU"]
[SourceTitle "playchess.com"]
[Source "ChessBase"]
[SourceQuality "1"]
[TimeControl "40/5400+30:900+30"]

1. e4 c6 2. d4 d5 3. e5 Bf5 4. Nf3 h6 5. Be2 e6 6. O-O g5 7. b3 Ne7 8. c4 Nd7 9. Nc3 dxc4 10. bxc4 Bg7 11. Bb2 O-O 12. a4 c5 13. dxc5 Nxe5 14. Nxe5 Bxe5 15. Qxd8 Rfxd8 16. Rad1 Bc2 17. Rxd8+ Rxd8 18. Ba1 a6 19. Bf3 Nc6 20. Ne4 Bxe4 21. Bxe4 Bxa1 22. Rxa1 Rd4 23. Bxc6 bxc6 24. Rc1 Rd2 25. Kf1 Ra2 26. Rb1 Rxa4 27. Rb6 Rxc4 28. Rxc6 a5 29. Rc8+ Kg7 30. c6 a4 31. Ra8 Rxc6 32. Rxa4 Rc2 33. g4 f5 34. gxf5 exf5 35. Ra6 g4 36. Kg2 Rc3 37. Ra7+ Kg6 38. Ra8 Kg5 39. Rg8+ Kf4 40. Rh8 Rh3 41. Ra8 Rf3 42. Rh8 Kg5 43. Rg8+ Kf6 44. Ra8 h5 45. Rh8 Kg6 46. Rg8+ Kh7 47. Rg5 Kh6 48. Rg8 h4 49. Ra8 Kg5 50. Ra4 h3+ 51. Kf1 Rb3 52. Ra1 Kf4 53. Re1 Kf3 54. Kg1 f4 55. Rf1 Ke2 56. Ra1 Rb2 57. Rc1 Rd2 58. Ra1 Rd3 59. Ra2+ Kf3 60. Ra1 Rb3 61. Re1 Rb2 62. Ra1 Ke2 63. Rc1 Rd2 64. Ra1 Rd1+ 65. Rxd1 Kxd1 66. Kf1 f3 67. Kg1 Ke1 68. Kh1 g3 69. hxg3 Kxf2 0-1

[Event "Romanian-ch Women 2022"]
[Site "Eforie Nord"]
[Date "2022.02.25"]
[Round "7.11"]
[White "Maria, Lia-Alexandra"]
[Black "Schiopu, Oana-Magdalena"]
[Result "0-1"]
[ECO "B90"]
[WhiteElo "1832"]
[BlackElo "1534"]
[Annotator "NA"]
[PlyCount "88"]
[EventDate "2022.02.20"]
[EventType "swiss"]
[EventCountry "ROU"]
[SourceTitle "playchess.com"]
[Source "ChessBase"]
[SourceQuality "1"]
[TimeControl "40/5400+30:900+30"]

1. e4 c5 2. Nf3 d6 3. d4 cxd4 4. Nxd4 Nf6 5. Nc3 a6 6. Be3 e5 7. Nb3 Be6 8. f3 Be7 9. Qd2 O-O 10. O-O-O Nc6 11. Nd5 Bxd5 12. exd5 Nb8 13. g4 Nbd7 14. g5 Nh5 15. h4 Ng3 16. Rg1 Nxf1 17. Rdxf1 Nb6 18. Qd3 g6 19. h5 Rc8 20. f4 exf4 21. Bxf4 Qc7 22. hxg6 fxg6 23. Kb1 Qc4 24. Qe3 Nxd5 25. Qe6+ Kg7 26. Be5+ dxe5 27. Qxe5+ Bf6 28. gxf6+ Nxf6 29. Nd4 Rce8 30. Qf4 Ne4 31. Nf5+ Rxf5 32. Qxf5 Nd2+ 33. Ka1 Nxf1 34. Qd7+ Qf7 35. Qxf7+ Kxf7 36. Rxf1+ Kg7 37. b4 h5 38. Kb2 g5 39. Rd1 Re7 40. Rd5 Kf6 41. Kc3 h4 42. Rd6+ Ke5 43. Rg6 Kf4 44. Rg8 h3 0-1

[Event "Romanian-ch Women 2022"]
[Site "Eforie Nord"]
[Date "2022.02.25"]
[Round "7.12"]
[White "Bucur, Denisa-Andreea"]
[Black "Pirvan, Maria"]
[Result "1-0"]
[ECO "B33"]
[WhiteElo "2023"]
[BlackElo "1627"]
[Annotator "NA"]
[PlyCount "137"]
[EventDate "2022.02.20"]
[EventType "swiss"]
[EventCountry "ROU"]
[SourceTitle "playchess.com"]
[Source "ChessBase"]
[SourceQuality "1"]
[TimeControl "40/5400+30:900+30"]

1. e4 c5 2. Nf3 Nc6 3. d4 cxd4 4. Nxd4 Nf6 5. Nc3 e5 6. Ndb5 d6 7. Bg5 a6 8. Na3 b5 9. Bxf6 gxf6 10. Nd5 Bg7 11. Bd3 Ne7 12. Nxe7 Qxe7 13. O-O O-O 14. c4 f5 15. Qh5 d5 16. cxd5 Qd8 17. exf5 Qxd5 18. Qe2 Bb7 19. f3 Rfd8 20. Be4 Qd4+ 21. Kh1 Bxe4 22. fxe4 Qd2 23. Rae1 Rac8 24. h3 Bh6 25. Qg4+ Qg5 26. Qf3 Rd2 27. Re2 Rxe2 28. Qxe2 Rc1 29. Nb1 Rxf1+ 30. Qxf1 b4 31. Qe1 Qc1 32. Qxc1 Bxc1 33. b3 Kf8 34. Kg1 Ke7 35. Kf2 Kd6 36. Ke2 Kc5 37. Kd3 Bf4 38. f6 Bg5 39. g3 Bxf6 40. Nd2 Bg5 41. Nf3 f6 42. Nh2 Bh6 43. Ng4 Bg7 44. Ne3 a5 45. Nc4 Kb5 46. Nd6+ Kc5 47. Nf5 Bf8 48. Ke3 Kb5 49. Kf3 Kc6 50. Kg4 Kd7 51. Kh5 Ke6 52. Ne3 Bg7 53. Kg4 Bf8 54. Nc4 Bc5 55. Nxa5 Be3 56. Nc4 Bc1 57. Nb6 Bh6 58. Nc4 Bc1 59. Kf3 Kd7 60. Nb6+ Ke6 61. Nd5 Ba3 62. Ne3 Bc1 63. Nc2 Bd2 64. Ke2 Bc3 65. g4 Kd6 66. Ne3 Ke6 67. Kd3 Be1 68. Nc2 Bc3 69. Kc4 1-0

[Event "Romanian-ch Women 2022"]
[Site "Eforie Nord"]
[Date "2022.02.26"]
[Round "8.1"]
[White "Peptan, Corina-Isabela"]
[Black "Ciolacu, Alessia-Mihaela"]
[Result "0-1"]
[ECO "E04"]
[WhiteElo "2384"]
[BlackElo "2239"]
[Annotator "ChessBase"]
[PlyCount "88"]
[EventDate "2022.02.20"]
[EventType "swiss"]
[EventCountry "ROU"]
[SourceTitle "playchess.com"]
[Source "ChessBase"]
[SourceQuality "1"]
[TimeControl "40/5400+30:900+30"]

1. d4 Nf6 2. c4 e6 3. Nf3 d5 4. g3 Bb4+ 5. Bd2 a5 6. Bg2 dxc4 7. Bxb4 axb4 8. Ne5 O-O 9. Nxc4 Nc6 10. e3 e5 11. d5 Ne7 12. d6 Nf5 13. dxc7 Qxc7 14. Nbd2 Be6 15. Rc1 Rac8 16. Rc2 b5 17. Na3 Qa5 18. Nab1 Rxc2 19. Qxc2 Rc8 20. Qd1 Qxa2 21. b3 Rd8 22. O-O e4 23. Qe2 Nd6 24. Qd1 Bg4 25. Qe1 Qc2 26. h3 Be6 27. Qd1 Qd3 28. Re1 h5 29. Bf1 Qd5 30. Qc2 Rc8 31. Qb2 Nd7 32. Rc1 Rxc1 33. Qxc1 Nc5 34. Kg2 Nxb3 35. Nxb3 Qxb3 36. Be2 Qd5 37. Qc7 Nc4 38. Qb8+ Kh7 39. Qf4 Na3 40. Nd2 Qxd2 41. Qxe4+ g6 42. Bf3 b3 43. g4 hxg4 44. hxg4 b2 0-1

[Event "Romanian-ch Women 2022"]
[Site "Eforie Nord"]
[Date "2022.02.26"]
[Round "8.2"]
[White "Sandu, Mihaela"]
[Black "Ionescu, Irina"]
[Result "1/2-1/2"]
[ECO "C42"]
[WhiteElo "2269"]
[BlackElo "2131"]
[Annotator "NA"]
[PlyCount "101"]
[EventDate "2022.02.20"]
[EventType "swiss"]
[EventCountry "ROU"]
[SourceTitle "playchess.com"]
[Source "ChessBase"]
[SourceQuality "1"]
[TimeControl "40/5400+30:900+30"]

1. e4 e5 2. Nf3 Nf6 3. Nxe5 d6 4. Nf3 Nxe4 5. d4 d5 6. Bd3 Bd6 7. c4 Bb4+ 8. Nbd2 Nxd2 9. Bxd2 Bxd2+ 10. Qxd2 O-O 11. O-O dxc4 12. Bxc4 Bf5 13. Rfe1 Nd7 14. Qf4 Bg6 15. Bb3 Nf6 16. h3 c6 17. Re3 Nd5 18. Bxd5 Qxd5 19. Re5 Qd6 20. Qe3 f6 21. Re7 Rae8 22. Rxe8 Bxe8 23. Qb3+ Qd5 24. Qxb7 Bh5 25. Nh2 Qxd4 26. Nf1 Qb6 27. Qxb6 axb6 28. a4 Ra8 29. b4 Kf8 30. a5 bxa5 31. bxa5 Be2 32. Nd2 Bb5 33. f4 Ke7 34. Kf2 Kd6 35. Ne4+ Kd5 36. Ke3 c5 37. Rd1+ Kc6 38. Rd6+ Kc7 39. Rd5 Rxa5 40. Rxc5+ Kb6 41. Rc3 Bc6 42. Nd2 Ra1 43. g3 Rh1 44. h4 Rg1 45. Kd4 Rd1 46. Ke3 Rg1 47. Nc4+ Kc7 48. Kd4 Rd1+ 49. Ke3 Rg1 50. Kd4 Rd1+ 51. Ke3 1/2-1/2